cohdb
Replays
Latest Replays
All Replays
Popular Replays
Top Player Replays
Match Explorer
How It Works
Community
CoH3 Stats
Reddit
Sign in to upload your games and track your stats! →
Sign in with Steam
Match 42746981
Unlisted
Match 42746981
Overview
Messages
Build Orders
End
Construct Barracks
Riflemen Squad
Riflemen Squad
Riflemen Squad
M1 Mortar Team
Construct Weapon Support Center
M1919 Machine Gun Team
Selects Advanced Infantry Battlegroup
Selects Convert to Ranger Squad
Selects Frontline Medical Station
Bazooka Squad
Infantry Support Center
M1919 Machine Gun Team
Grenade Package
Munitions Surplus
Riflemen Squad
Construct Motor Pool
M24 Chaffee Light Tank
Selects Infantry Assault
Infantry Assault
Advanced Logistics
Engineer Squad
M1918 Browning Automatic Rifles
Infantry Assault
Selects Ammunition Storage
Selects M2A1 105mm Howitzer Emplacement
Riflemen Squad
Frontline Medical Station
Infantry Assault
M1 Anti-tank Gun Team
Infantry Assault
Riflemen Squad
Selects Free Fire Drills
M1 Mortar Team
Infantry Assault
M1 Anti-tank Gun Team
Selects Free Fire Drills
M1 Anti-tank Gun Team
Infantry Assault
M1 Anti-tank Gun Team
M1 Anti-tank Gun Team
Deplorable Dave
~TAB~ THUND3RCHUNKY
JackLulz
Pluto The Planet
Emmortael
Basilicus Agiad
0
0
Comments
sign in to comment!
No comments posted yet!